 Dungeon Crawl Stone Soup version 0.30.1-11-g7821555f0a (webtiles) character file.

Game seed: 9757020334035128303

343172 Colgate the Cloud Mage (level 21, -3/212 HPs)
             Began as a Naga Venom Mage on Jan 11, 2024.
             Was a High Priest of Ru.
             Killed from afar by an ironbound thunderhulk (21 damage)
             ... with a bolt of lightning
             ... on level 3 of the Vaults on Jan 14, 2024.
             The game lasted 07:53:17 (100520 turns).

Colgate the Cloud Mage (Naga Venom Mage)          Turns: 100520, Time: 07:53:18

Health: -3/212     AC: 31    Str:  9    XL:     21   Next: 5%
Magic:  12/45      EV:  7    Int: 41    God:    Ru [*****.]
Gold:   2568       SH:  0    Dex: 12    Spells: 7/42 levels left

rFire   + . .        (no weapon)
rCold   + . .        (no shield)
rNeg    . . .        W - quicksilver dragon scales
rPois   +            u - +2 hat {Will+}
rElec   +            N - scarf {rC+ rF+}
rCorr   .            (no gloves)
SInv    +            w - +6 lightning scales {swift, rElec}
Will    ++++.        V - amulet of magic regeneration
Stlth   +++++++      f - ring "Bixuorch" {*Slow rPois MP+9 Int+3}
HPRegen 0.00/turn    J - +6 ring of intelligence
MPRegen 0.69/turn

%: slow self (1%)
@: exhausted, inhibited regen, studying 2 skills, slow
A: AC +7, large, see invisible, deformed body, poison resistance, slowness 2,
spit poison 1, inability to use devices, hated by all, inexperienced 1, naga
tail 2, missing an eye, clever 2, electricity resistance, inhibited
regeneration, inability to read after injury 1
}: 2/15 runes: decaying, gossamer
a: Spit Poison, Renounce Religion, Draw Out Power, Power Leap, Apocalypse


You were on level 3 of the Vaults.
You worshipped Ru.
Ru was extremely pleased with you.
You visited 8 branches of the dungeon, and saw 37 of its levels.
You also visited: Trove, Bailey and Gauntlet.

You collected 6262 gold pieces.
You spent 3694 gold pieces at shops.

Inventory:

Armour
 i - a +2 helmet of intelligence
 l - the +0 cloak of Analysis {rPois Will++ Regen+ Int-4}
   (You bought it in a shop on level 2 of the Orcish Mines)

   Int:       It affects your intelligence (-4).
   rPois:     It protects you from poison.
   Regen:     It increases your rate of health regeneration.
   Will:      It greatly increases your willpower.
 q - the +0 barding "Poesast" {rC+ rN+}
   (You acquired it on level 5 of the Dungeon)

   rC:        It protects you from cold.
   rN:        It protects you from negative energy.
 t - a scarf of repulsion
 u - a +2 hat of willpower (worn)
 v - a +0 pair of gloves
 w - the +6 lightning scales (worn) {swift, rElec}
   (You acquired it on level 1 of the Lair of Beasts)

   Swift:     It allows the wearer to cover ground more swiftly.
   rElec:     It insulates you from electricity.
 D - the +1 helmet "Fuirghixa" {Regen+ Str+2 Dex-3}
   (You found it on level 3 of the Elven Halls)

   Str:       It affects your strength (+2).
   Dex:       It affects your dexterity (-3).
   Regen:     It increases your rate of health regeneration.
 N - a scarf of resistance (worn)
 W - quicksilver dragon scales (worn)
Jewellery
 c - the ring "Xuapucei" {Contam rElec rC- rN+ Int+5}
   (You found it in a treasure trove)

   [ring of positive energy]

   Int:       It affects your intelligence (+5).
   rC:        It makes you vulnerable to cold.
   rElec:     It insulates you from electricity.
   rN:        It protects you from negative energy.
   Contam:    It causes magical contamination when unequipped.
 e - the ring "Veupn" {Wiz rF+ rN+ rCorr}
   (You found it in a treasure trove)

   [ring of wizardry]

   It improves your spell success rate.
   rF:        It protects you from fire.
   rN:        It protects you from negative energy.
   rCorr:     It protects you from acid and corrosion.
 f - the ring "Bixuorch" (left hand) {*Slow rPois MP+9 Int+3}
   (You found it in a Gauntlet)

   [ring of magical power]

   Int:       It affects your intelligence (+3).
   rPois:     It protects you from poison.
   MP:        It affects your magic capacity (+9).
   *Slow:     It may slow you when you take damage.
 p - the ring of Satisfaction {rElec rF+ rC+ rCorr}
   (You acquired it on level 1 of the Lair of Beasts)

   [ring of resist corrosion]

   rF:        It protects you from fire.
   rC:        It protects you from cold.
   rElec:     It insulates you from electricity.
   rCorr:     It protects you from acid and corrosion.
 r - the ring "Musheer" {Fly Str-2 Dex+6 SInv}
   (You found it in a Gauntlet)

   [ring of flight]

   Str:       It affects your strength (-2).
   Dex:       It affects your dexterity (+6).
   SInv:      It lets you see invisible.
   Fly:       It grants you flight.
 x - a ring of willpower
 y - the amulet of the Air {Inacc Air Fly rElec RMsl}
   (You took it off a deep elf sorcerer on level 3 of the Elven Halls)

   [amulet of nothing]

   Inacc:     It reduces the accuracy of your attacks and spells.
   Air:       It enhances your air magic.
   rElec:     It insulates you from electricity.
   Fly:       It grants you flight.
   RMsl:      It protects you from missiles.
 I - a ring of fire
 J - a +6 ring of intelligence (right hand)
 M - the ring "Qadgho Ewaxosk" {rElec rF- rN++ Str+3 SInv}
   (You took it off a deep elf zephyrmancer on level 3 of the Elven Halls)

   [ring of see invisible]

   Str:       It affects your strength (+3).
   rF:        It makes you vulnerable to fire.
   rElec:     It insulates you from electricity.
   rN:        It greatly protects you from negative energy.
   SInv:      It lets you see invisible.
 V - an amulet of magic regeneration (around neck)
 X - a ring of fire
 Y - a ring of resist corrosion
Scrolls
 a - 10 scrolls of enchant armour
 b - 7 scrolls of immolation
 d - 8 scrolls of magic mapping {@r5}
 g - 8 scrolls of fog
 m - 19 scrolls of teleportation {@r3}
 n - 10 scrolls of poison
 o - 6 scrolls of blinking {@r4}
 z - 3 scrolls of torment
 C - 8 scrolls of vulnerability
 O - 3 scrolls of amnesia
 P - 7 scrolls of fear
 S - 6 scrolls of enchant weapon
 T - 18 scrolls of identify {@r1}
Potions
 h - 8 potions of ambrosia
 j - 16 potions of curing {@q1}
 k - 4 potions of resistance {@q5}
 s - 11 potions of might {@q3}
 A - 3 potions of magic
 B - a potion of invisibility
 E - 5 potions of attraction
 F - 6 potions of berserk rage
 G - 7 potions of brilliance
 H - a potion of cancellation
 L - 6 potions of flight
 Q - 6 potions of haste {@q4}
 R - 14 potions of heal wounds {@q2}
 U - 2 potions of lignification


   Skills:
 - Level 18.2 Fighting
 + Level 13.6 Armour
 - Level 5.0 Dodging
 - Level 20.0 Stealth
 - Level 11.0 Spellcasting
 - Level 4.1 Conjurations
 - Level 5.0 Translocations
 - Level 1.0 Transmutations
 - Level 14.0 Fire Magic
 - Level 23.0 Air Magic
 - Level 11.1 Poison Magic


You had 7 spell levels left.
You knew the following spells:

 Your Spells              Type           Power      Damage    Failure   Level
a - Plasma Beam           Fire/Air       54%        2x1d75    1%          6
b - Olgreb's Toxic Radia  Pois           85%        N/A       1%          4
c - Mephitic Cloud        Conj/Pois/Air  91%        N/A       1%          3
d - Ignite Poison         Fire/Tmut/Pois 76%        N/A       1%          3
e - Blink                 Tloc           100%       N/A       1%          2
f - Arcjolt               Conj/Air       46%        1d56      1%          5
g - Apportation           Tloc           100%       N/A       1%          1
h - Maxwell's Capacitive  Air            59%        ∞         1%          8
i - Swiftness             Air            100%       N/A       0%          3

Your spell library contained the following spells:

 Spells                   Type           Power      Damage    Failure   Level
 Shock                    Conj/Air       100%       1d9       0%          1
 Poisonous Vapours        Pois/Air       100%       N/A       0%          2
 Scorch                   Fire           100%       2d9       0%          2
 Airstrike                Air            59%        2d(9-25)  0%          4
 Sting                    Tmut/Pois      100%       1d8       1%          1
 Cigotuvi's Dreadful Rot  Necr/Pois/Air  100%       N/A       1%          2
 Lesser Beckoning         Tloc           100%       N/A       1%          2
 Momentum Strike          Conj/Tloc      100%       3d10      1%          2
 Static Discharge         Conj/Air       100%       2-7/arc   1%          2
 Spider Form              Tmut/Pois      64%        N/A       1%          3
 Vhi's Electric Charge    Tloc/Air       100%       N/A       1%          3
 Flame Wave               Conj/Fire      77%        2d17      1%          4
 Sticky Flame             Conj/Fire      77%        2d9       1%          4
 Freeze                   Ice            88%        1d9       3%          1
 Necrotise                Necr           88%        1d8       3%          1
 Slow                     Hex            88%        N/A       3%          1
 Wereblood                Tmut           30%        N/A       3%          2
 Portal Projectile        Hex/Tloc       86%        N/A       3%          3
 Ensorcelled Hibernation  Hex/Ice        44%        N/A       4%          2
 Sublimation of Blood     Necr           22%        N/A       4%          2
 Hailstorm                Conj/Ice       39%        3d9       4%          3
 Alistair's Intoxication  Tmut/Pois      42%        N/A       7%          5
 Confusing Touch          Hex            22%        N/A       9%          3
 Frozen Ramparts          Ice            44%        1d7       9%          3
 Vampiric Draining        Necr           22%        2d7       9%          3
 Ice Form                 Ice/Tmut       26%        N/A       24%         4
 Anguish                  Hex/Necr       11%        N/A       30%         4
 Dispel Undead            Necr           22%        3d12      30%         4
 Leda's Liquefaction      Hex/Erth       11%        N/A       30%         4
 Eringya's Noxious Bog    Tmut/Pois      32%        N/A       36%         6
 Borgnjor's Vile Clutch   Necr/Erth      11%        N/A       63%         5
 Ozocubu's Refrigeration  Ice            11%        4d9       100%        7
 Ignition                 Fire           47%        3d13      54%         8
 Discord                  Hex            11%        N/A       100%        8
 Chain Lightning          Conj/Air       46%        3d62      100%        9
 Fire Storm               Conj/Fire      38%        8d10      100%        9
 Polar Vortex             Ice            11%        N/A       100%        9
 Shatter                  Erth           11%        3d12*     100%        9
 Summon Lightning Spire   Summ/Air       Unusable   N/A       N/A         4
 Summon Small Mammal      Summ           Unusable   N/A       N/A         1
 Call Canine Familiar     Summ           Unusable   N/A       N/A         3
 Death Channel            Necr           Unusable   N/A       N/A         6
 Simulacrum               Ice/Necr       Unusable   N/A       N/A         6
 Summon Cactus Giant      Summ           Unusable   N/A       N/A         6
 Summon Hydra             Summ           Unusable   N/A       N/A         7

Dungeon Overview and Level Annotations

Branches:
Dungeon (15/15)            Temple (1/1) D:7            Lair (5/5) D:9
  Swamp (4/4) Lair:2       Spider (4/4) Lair:3        Slime (0/5) Lair:4
    Orc (2/2) D:12            Elf (3/3) Orc:2        Vaults (3/5) D:14
 Depths (0/4) D:15         Bailey (visited)         Gauntlet (visited)
  Crypt: Vaults:2-3

Altars:
Ashenzari
Cheibriados
Dithmenos
Elyvilon
Gozag
Kikubaaqudgha
Makhleb
Nemelex Xobeh
Okawaru
Qazlal
Ru
Sif Muna
Trog
Uskayaw
Vehumet
Wu Jian
Xom
Zin
The Shining One

Shops:
D:5 ?   D:6 (   D:11 :   D:14 [   Orc:1 [   Orc:2 [=(?   Elf:1 =   Elf:2 !
Vaults:1 [

Annotations:
Elf:2 3 runed translucent doors


Innate Abilities, Weirdness & Mutations

Your serpentine skin is tough. (AC +7)
You have supernaturally acute eyesight. (SInv)
Armour fits poorly on your strangely shaped body.
Your system is resistant to poisons. (rPois)
You cover ground very slowly.
You can spit poison.
You cannot study or use magical devices.
You are hated by all.
You are somewhat inexperienced. (-1 XL)
You can use your snake-like lower body to constrict enemies.
You are missing an eye, making it more difficult to aim.
Your mind is very acute. (Int +8, Str/Dex -2)
You are resistant to electric shocks. (rElec)
You do not regenerate when monsters are visible.
You occasionally lose the ability to read scrolls when taking damage.


Message History

Casting: Plasma Beam (mildly dangerous; 1% risk of failure)
The bolt of lightning hits the orc knight!
The orc knight shouts!
The fiery plasma misses the orc knight.
The harpy screeches!
You can read scrolls again.
The harpy claws you.
* * * LOW HITPOINT WARNING * * *
You focus your inner power and illuminate the harpy in retribution!
The harpy claws you but does no damage.
Casting: Plasma Beam (mildly dangerous; 1% risk of failure) Electricity surges outward!
The harpy is struck by an electric surge!! x2
The harpy is struck by an electric surge.
The orc knight is struck by an electric surge!!!
You kill the orc knight!
The harpy claws you!
* * * LOW HITPOINT WARNING * * *
You focus your inner power and blind the harpy in retribution!
The harpy claws you but does no damage. The harpy claws you.
* * * LOW HITPOINT WARNING * * *
The harpy claws you.
* * * LOW HITPOINT WARNING * * *
You focus your inner power and blind the harpy in retribution!
The harpy claws you but does no damage. x2
Aiming: Power Leap You kill the harpy! x2
Casting: Arcjolt (mildly dangerous; 1% risk of failure)
Casting: Plasma Beam (mildly dangerous; 1% risk of failure)
The bolt of lightning hits the harpy!!!
You kill the harpy!
You see here a harpy corpse.
Casting: Plasma Beam (mildly dangerous; 1% risk of failure)
You begin accumulating electric charge. (Press . to continue charging.)
You feel charge building up...
You feel charge building up...
Electricity crackles from the ironbound thunderhulk's apparatus.
The bolt of lightning hits you!! You resist.
You die...

#..# ..H. #..# ...
#.O#####'#
#........#
#.)......#
#...†....#
#........#
#...†....#
#.†..@...#
#........#
#........#
#........#
#........#
#........#
#........#########+#
#...................
#...................


You could see an ironbound thunderhulk.

Vanquished Creatures
  Bai Suzhen (Elf:3)
  Jory (Vaults:3)
  Jorgrun (Orc:2)
  A tentacled monstrosity (Swamp:2)
  Mlioglotl (Spider:1)
  Asterion (Spider:1)
  2 deep elf master archers (Elf:3)
  3 deep elf blademasters (Elf:3)
  A tengu reaver (Vaults:1)
  4 thorn hunters (Swamp:4)
  Kirke (Spider:1)
  4 sphinxes
  Donald (Vaults:1)
  A fenstrider witch (Swamp:2)
  4 emperor scorpions
  3 deep elf sorcerers (Elf:3)
  A frost giant (D:15)
  8 vault wardens
  6 ghost moths
  2 deep elf elementalists (Elf:3)
  2 orc warlords
  17 ironbound preservers
  2 broodmothers
  3 vampire knights
  2 war gargoyles
  3 deep elf demonologists
  An eleionoma (shapeshifter) (D:15)
  5 ironbound thunderhulks
  5 eleionomae
  6 deep elf annihilators (Elf:3)
  4 spark wasps
  8 bunyips
  A minotaur (Gauntlet)
  2 crystal guardians
  Snorg (Lair:4)
  5 deep elf death magi (Elf:3)
  2 shambling mangroves (Swamp:4)
  5 entropy weavers
  3 ettins
  2 fire dragons
  Fannar (Lair:1)
  2 deep elf high priests
  3 great orbs of eyes
  3 yaktaur captains
  Harold (Orc:1)
  6 vault guards
  13 hydras
  2 radroaches
  2 peacekeepers
  A catoblepas (Lair:3)
  A jorogumo (Spider:4)
  3 ogre magi (Orc:2)
  An anaconda (shapeshifter) (Elf:1)
  6 ghost crabs
  9 boulder beetles
  Erica (D:9)
  4 ironbound frosthearts (Vaults:1)
  15 alligators
  4 two-headed ogres
  9 centaur warriors
  11 death yaks
  A death scarab (Spider:2)
  3 tengu warriors (D:15)
  12 dancing weapons
  Sonja (D:12)
  17 deep elf knights
  A skyshark (Lair:5)
  7 spriggans
  8 goliath frogs
  3 sixfirhies (Gauntlet)
  2 sun moths
  6 skeletal warriors
  40 deep trolls
  3 spriggan druids
  5 bog bodies
  3 flayed ghosts (Swamp:4)
  7 pharaoh ants
  13 swamp dragons
  An orb spider (shapeshifter) (D:15)
  8 orb spiders
  15 ironbound convokers
  13 lindwurms
  3 phantasmal warriors
  3 steelbarb worms
  2 spectral hydras (Swamp:4)
  4 wizards
  16 deep elf archers
  25 deep elf pyromancers
  11 orc knights
  4 harpies
  A necromancer (Vaults:2)
  A lindwurm (shapeshifter) (D:15)
  8 orc sorcerers
  18 wolf spiders
  6 cyclopes
  24 deep elf zephyrmancers
  A sphinx skeleton (Vaults:2)
  5 will-o-the-wisps
  2 shining eyes (Trove)
  A human zombie (Vaults:2)
  10 ugly things
  9 oklob plants
  2 moths of wrath
  3 manticores
  A salamander (shapeshifter) (D:14)
  5 black mambas
  7 vault sentinels
  A frost giant skeleton (Vaults:2)
  9 elephants
  A gargoyle (D:12)
  14 cane toads
  5 demonic crawlers
  6 torpor snails
  An unseen horror (D:11)
  Maggie (D:6)
  12 komodo dragons
  9 rime drakes
  2 kobold demonologists
  A minotaur zombie (Gauntlet)
  14 yaktaurs
  A tengu conjurer (D:15)
  A freezing wraith (Swamp:4)
  4 hydra zombies (Swamp:4)
  3 death drake zombies (Swamp:4)
  2 bloated husks (Swamp:1)
  11 polar bears
  5 tyrant leeches
  9 meliai
  16 hornets
  6 trolls
  A tarantella (shapeshifter) (D:15)
  43 tarantellas
  A raiju (shapeshifter) (Elf:1)
  Prince Ribbit (Lair:3)
  3 raiju (Lair:5)
  A fire giant simulacrum (Vaults:2)
  6 blink frogs (Lair:3)
  19 slime creatures
  30 jumping spiders
  Sigmund (D:6)
  3 air elementals (Elf:2)
  2 shadows
  5 water elementals
  25 culicivoras
  4 wraiths
  7 wyverns
  4 hogs
  3 flying skulls (Gauntlet)
  73 yaks
  10 basilisks
  3 fire elementals
  5 steam dragons
  8 humans (D:14)
  Grum (D:9)
  50 redbacks
  A redback (shapeshifter) (Vaults:1)
  2 vampire mosquitoes (D:12)
  7 wargs
  13 water moccasins
  22 swamp worms
  Edmund (D:6)
  4 hydra simulacra (Swamp:4)
  4 acid dragons
  Duvessa (D:6)
  14 hell hounds (Lair:5)
  A human skeleton (Vaults:2)
  6 swamp drakes
  16 black bears
  19 orc warriors
  An ice beast (D:6)
  2 sky beasts (D:7)
  A swamp dragon zombie (Swamp:4)
  5 boggarts (Vaults:1)
  14 ogres
  27 wolves
  13 centaurs
  6 kobold brigands
  14 bullfrogs
  2 gnoll sergeants
  3 earth elementals (Elf:2)
  7 scorpions
  9 wights
  Dowan (D:6)
  8 killer bees
  4 howler monkeys
  9 electric eels
  A jelly (D:5)
  4 hounds
  2 gnoll boudas
  12 orc priests
  8 iguanas
  25 orc wizards
  9 hell rats
  18 gnolls
  8 adders
  A shadow imp (D:7)
  A white imp (D:6)
  An ufetubus (D:3)
  3 worms
  A dart slug (D:2)
  59 orcs
  6 ball pythons
  7 bats
  5 endoplasms
  3 giant cockroaches
  5 goblins
  16 hobgoblins
  2 jackals (D:4)
  9 frilled lizards
  31 kobolds
  5 rats
1487 creatures vanquished.

Vanquished Creatures (others)
  A deep elf blademaster (Elf:3)
  A yaktaur captain (Vaults:3)
  A vault guard (D:14)
  A deep elf knight (Elf:2)
  3 deep trolls
  A deep elf zephyrmancer (Elf:1)
  2 culicivoras (Spider:1)
  A basilisk (Lair:4)
  A human (D:14)
  A redback (Spider:2)
  A swamp worm (Swamp:2)
  12 foxfires
26 creatures vanquished.

Grand Total: 1513 creatures vanquished

Notes
Turn   | Place    | Note
-------+----------+-------------------------------------------
     0 | D:1      | Colgate the Naga Venom Mage began the quest for the Orb.
     0 | D:1      | Reached XP level 1. HP: 15/15 MP: 3/3
   274 | D:1      | Reached XP level 2. HP: 22/22 MP: 5/5
   309 | D:1      | Reached skill level 5 in Poison Magic
   783 | D:1      | Reached XP level 3. HP: 28/28 MP: 4/6
  1766 | D:3      | Reached XP level 4. HP: 36/36 MP: 7/7
  1771 | D:3      | Learned a level 4 spell: Olgreb's Toxic Radiance
  3283 | D:3      | Found a sparkling altar of Nemelex Xobeh.
  3754 | D:3      | Reached XP level 5. HP: 42/42 MP: 2/8
  4019 | D:4      | Learned a level 3 spell: Mephitic Cloud
  4098 | D:4      | Reached skill level 2 in Air Magic
  4098 | D:4      | Reached XP level 6. HP: 49/49 MP: 4/9
  4153 | D:4      | Reached skill level 1 in Conjurations
  4614 | D:4      | Reached XP level 7. HP: 45/55 MP: 0/10
  4770 | D:4      | Identified the +1 buckler of Classification {Contam rElec
                  | rCorr}
  4962 | D:4      | Reached skill level 10 in Poison Magic
  5637 | D:5      | Entered Level 5 of the Dungeon
  5775 | D:5      | Reached skill level 1 in Fighting
  6105 | D:5      | Reached XP level 8. HP: 48/68 MP: 0/12
  6205 | D:5      | Identified a scroll of acquirement
  6206 | D:5      | Acquired the +0 barding "Poesast" {rC+ rN+}
  6753 | D:5      | Found Lenylarch's Magic Scroll Emporium.
  6792 | D:5      | Bought a scroll of identify for 22 gold pieces
  6793 | D:5      | Bought a scroll of identify for 22 gold pieces
  7295 | D:6      | Noticed Dowan
  7296 | D:6      | Noticed Duvessa
  7303 | D:6      | Killed Dowan
  7306 | D:6      | Killed Duvessa
  7307 | D:6      | Reached skill level 5 in Fighting
  7479 | D:6      | Noticed Edmund
  7487 | D:6      | Killed Edmund
  7627 | D:5      | Bought a scroll of immolation for 44 gold pieces
  7627 | D:5      | Bought a scroll of torment for 104 gold pieces
  7659 | D:6      | Found Xiezuack's Antique Weapon Shop.
  8040 | D:6      | Reached XP level 9. HP: 81/82 MP: 7/13
  8177 | D:6      | Noticed Maggie
  8279 | D:6      | Identified the +6 whip of Leca {heavy, Dex+3}
  8512 | D:6      | Learned a level 3 spell: Spider Form
  8756 | D:6      | Noticed Sigmund
  8884 | D:6      | Killed Sigmund
  9752 | D:7      | Found a staircase to the Ecumenical Temple.
  9779 | Temple   | Entered the Ecumenical Temple
  9841 | Temple   | Became a worshipper of Ru the Awakened
 10630 | D:7      | Noticed a two-headed ogre
 10651 | D:7      | Killed a two-headed ogre
 10652 | D:7      | Reached XP level 10. HP: 98/98 MP: 5/19
 10823 | D:7      | Found a basalt altar of Yredelemnul.
 11885 | D:8      | Gained mutation: You are hated by all. [Ru sacrifice]
 11885 | D:8      | Reached * piety under Ru
 13170 | D:9      | Found a staircase to the Lair.
 13170 | D:9      | Noticed a death yak
 13170 | D:9      | Noticed an elephant
 13925 | D:9      | Reached skill level 5 in Dodging
 13935 | D:9      | Killed an elephant
 13936 | D:9      | Reached skill level 3 in Air Magic
 13943 | D:9      | Killed a death yak
 13944 | D:9      | Reached XP level 11. HP: 80/104 MP: 7/23
 13947 | D:9      | Learned a level 2 spell: Poisonous Vapours
 14104 | D:9      | Noticed Erica
 14129 | D:9      | Killed Erica
 14130 | D:9      | Reached skill level 4 in Air Magic
 14334 | Lair:1   | Entered Level 1 of the Lair of Beasts
 14431 | Lair:1   | Acquired a +1 hat of willpower
 14442 | Lair:1   | Acquired the ring of Satisfaction {rElec rF+ rC+ rCorr}
 14531 | Lair:1   | Learned a level 5 spell: Arcjolt
 14617 | Lair:1   | Reached skill level 5 in Air Magic
 14809 | Lair:1   | Noticed an oklob plant
 14993 | Lair:1   | Noticed Fannar
 15002 | Lair:1   | Reached skill level 6 in Air Magic
 15019 | Lair:1   | Killed Fannar
 15020 | Lair:1   | Reached skill level 7 in Air Magic
 15023 | Lair:1   | Reached skill level 8 in Air Magic
 15574 | Lair:1   | Reached skill level 9 in Air Magic
 15709 | Lair:1   | Noticed an oklob plant
 16429 | Lair:1   | Killed an oklob plant
 16430 | Lair:1   | Reached XP level 12. HP: 83/112 MP: 4/24
 17025 | Lair:1   | Reached skill level 10 in Air Magic
 17103 | Lair:1   | Learned a level 1 spell: Apportation
 17517 | Lair:1   | Acquired the +6 lightning scales {swift, rElec}
 17517 | Lair:1   | Found the +6 lightning scales {swift, rElec}
 18282 | D:9      | Noticed Grum
 18284 | D:9      | Reached skill level 11 in Air Magic
 18286 | D:9      | Killed Grum
 19019 | D:6      | Found Xiezuack's Antique Weapon Shop.
 19187 | D:6      | Killed Maggie
 19943 | D:10     | Entered Level 10 of the Dungeon
 19947 | D:10     | Reached skill level 12 in Air Magic
 19949 | D:10     | Gained mutation: You cannot study or use magical devices.
                  | [Ru sacrifice]
 19949 | D:10     | Reached ** piety under Ru
 19949 | D:10     | Reached *** piety under Ru
 20037 | D:10     | Noticed a two-headed ogre
 20093 | D:10     | Killed a two-headed ogre
 20273 | D:10     | Found a flagged portal.
 20288 | Bailey   | Entered a bailey
 20594 | Bailey   | Found a large runed translucent door.
 20594 | Bailey   | Found a large runed translucent door.
 21122 | Lair:2   | Reached skill level 13 in Air Magic
 21979 | Lair:2   | Reached skill level 14 in Air Magic
 21979 | Lair:2   | Gained mutation: You can use your snake-like lower body to
                  | constrict enemies. [Naga growth]
 21979 | Lair:2   | Reached XP level 13. HP: 118/118 MP: 11/25
 22319 | Lair:2   | Found a staircase to the Swamp.
 22965 | Lair:2   | Found a staircase to the Swamp.
 23917 | Lair:3   | Reached skill level 5 in Stealth
 24298 | Lair:3   | Reached skill level 1 in Armour
 24473 | Lair:3   | Found a hole to the Spider Nest.
 24616 | Lair:3   | Noticed Prince Ribbit
 24625 | Lair:3   | Killed Prince Ribbit
 24940 | Lair:3   | Gained mutation: You are somewhat inexperienced. (-1 XL)
                  | [Ru sacrifice]
 24940 | Lair:3   | Reached XP level 12. HP: 116/116 MP: 16/24
 24940 | Lair:3   | Reached **** piety under Ru
 24940 | Lair:3   | Reached ***** piety under Ru
 25955 | Lair:4   | Found a staircase to the Slime Pits.
 26463 | Lair:3   | Reached skill level 15 in Air Magic
 27570 | Lair:4   | Reached XP level 13. HP: 116/122 MP: 10/25
 28171 | Lair:4   | Reached skill level 16 in Air Magic
 28182 | Lair:4   | Learned a level 8 spell: Maxwell's Capacitive Coupling
 28240 | Lair:5   | Entered Level 5 of the Lair of Beasts
 28839 | Lair:5   | Noticed Snorg
 28980 | Lair:4   | Killed Snorg
 30381 | Lair:5   | Reached skill level 17 in Air Magic
 33132 | Lair:5   | Got the Tome of the Tempest and Pestilence
 34220 | Lair:5   | Reached skill level 18 in Air Magic
 38015 | Lair:5   | Reached XP level 14. HP: 130/130 MP: 8/26
 39802 | D:10     | Found a portal to a secret trove of treasure.
 39974 | D:10     | Reached skill level 19 in Air Magic
 40645 | D:11     | Found a gate leading to a gauntlet.
 40659 | Gauntlet | Entered a Gauntlet
 40659 | Gauntlet | Found a transporter.
 40659 | Gauntlet | Found a transporter.
 40659 | Gauntlet | Found a transporter.
 40659 | Gauntlet | Found a runed translucent gate.
 40660 | Gauntlet | Found a transporter.
 40661 | Gauntlet | Found a transporter.
 40662 | Gauntlet | Found a runed translucent gate.
 40663 | Gauntlet | Found a runed translucent gate.
 40664 | Gauntlet | Found a transporter.
 40672 | Gauntlet | Found a transporter.
 40673 | Gauntlet | Found a transporter.
 40674 | Gauntlet | Found a transporter.
 40675 | Gauntlet | Found a transporter.
 40683 | Gauntlet | Found a transporter.
 40683 | Gauntlet | Found a transporter.
 40950 | Gauntlet | Identified the ring "Bixuorch" {*Slow rPois MP+9 Int+3}
 41076 | Gauntlet | Identified the staff of poison "Tuamoed" {rPois rF- Dex+5
                  | Stlth+}
 41313 | Gauntlet | Identified the ring "Musheer" {Fly Str-2 Dex+6 SInv}
 41853 | D:11     | Found Pouxosuo's Self-Improvement Boutique.
 43318 | D:12     | Noticed Sonja
 43323 | D:12     | Killed Sonja
 43704 | D:12     | Reached skill level 20 in Air Magic
 44264 | D:12     | Found a staircase to the Orcish Mines.
 44713 | Orc:1    | Entered Level 1 of the Orcish Mines
 44713 | Orc:1    | Noticed Harold
 44725 | Orc:1    | Killed Harold
 44887 | Orc:1    | Found Oliohit's Armour Boutique.
 45017 | Orc:1    | Reached skill level 10 in Stealth
 45330 | Orc:1    | Found a bloodstained altar of Trog.
 45661 | Orc:2    | Entered Level 2 of the Orcish Mines
 45732 | Orc:2    | Found a staircase to the Elven Halls.
 46410 | Orc:2    | Noticed Jorgrun
 46416 | Orc:2    | Killed Jorgrun
 47656 | Orc:2    | Found Waom Gazugh's Antique Armour Emporium.
 47901 | Orc:2    | Reached skill level 15 in Stealth
 48023 | Orc:2    | Found an ancient bone altar of Kikubaaqudgha.
 48710 | Orc:2    | Found Edoq Tio's Antique Weapon Emporium.
 48717 | Orc:2    | Found Vann's Magic Scroll Emporium.
 48744 | Orc:2    | Found a radiant altar of Vehumet.
 48767 | Orc:2    | Found Nistroaff's Jewellery Shoppe.
 49114 | Orc:2    | Bought a pitted cloak for 237 gold pieces
 49114 | Orc:2    | Identified the +0 cloak of Analysis {rPois Will++ Regen+
                  | Int-4} (You bought it in a shop on level 2 of the Orcish
                  | Mines)
 49132 | Orc:2    | Bought an amulet of magic regeneration for 360 gold pieces
 49412 | D:5      | Bought a scroll of teleportation for 33 gold pieces
 49412 | D:5      | Bought a scroll of teleportation for 33 gold pieces
 49412 | D:5      | Bought a scroll of teleportation for 33 gold pieces
 49800 | Orc:2    | Bought a scroll of magic mapping for 97 gold pieces
 49800 | Orc:2    | Bought a scroll of blinking for 97 gold pieces
 49800 | Orc:2    | Bought a scroll of fear for 52 gold pieces
 51431 | D:14     | Reached XP level 15. HP: 138/138 MP: 27/27
 51447 | D:14     | Learned a level 3 spell: Swiftness
 51581 | D:14     | Found Rustre's Armour Emporium.
 52401 | D:11     | Bought a manual of Armour for 1280 gold pieces
 52753 | D:14     | Reached skill level 5 in Armour
 52809 | D:14     | Found a gate to the Vaults.
 53271 | D:14     | Found a shimmering altar of Xom.
 53339 | D:15     | Entered Level 15 of the Dungeon
 54451 | D:15     | Reached skill level 10 in Armour
 54720 | D:15     | Identified the +6 scale mail of Charity {Drain rN+ Str+3}
 55129 | D:15     | Found a staircase to the Depths.
 55409 | Spider:1 | Entered Level 1 of the Spider Nest
 55465 | Spider:1 | Noticed Kirke
 55534 | Spider:1 | Killed Kirke
 55567 | Spider:1 | Reached skill level 1 in Fire Magic
 55577 | Spider:1 | Learned a level 6 spell: Plasma Beam
 56084 | Spider:1 | Noticed Mlioglotl
 56128 | Spider:1 | Killed Mlioglotl
 56129 | Spider:1 | Reached skill level 5 in Fire Magic
 56839 | Spider:1 | Noticed Asterion
 56867 | Spider:1 | Killed Asterion
 57184 | Spider:1 | Reached XP level 16. HP: 119/145 MP: 16/28
 59994 | Spider:3 | Reached skill level 10 in Spellcasting
 62649 | Swamp:1  | Entered Level 1 of the Swamp
 63572 | Swamp:1  | Reached skill level 21 in Air Magic
 64464 | Swamp:2  | Reached XP level 17. HP: 152/152 MP: 31/31
 64561 | Swamp:2  | Noticed a tentacled monstrosity
 64672 | Swamp:2  | Killed a tentacled monstrosity
 66933 | Swamp:3  | Reached skill level 22 in Air Magic
 68428 | Swamp:4  | Entered Level 4 of the Swamp
 69319 | Swamp:4  | Reached skill level 23 in Air Magic
 69327 | Swamp:4  | Reached skill level 10 in Fighting
 71460 | Swamp:4  | Reached XP level 18. HP: 154/165 MP: 32/32
 72432 | Swamp:4  | Got a decaying rune of Zot
 72635 | Swamp:4  | Learned a level 3 spell: Ignite Poison
 72638 | Swamp:4  | Learned a level 2 spell: Blink
 72831 | Spider:4 | Entered Level 4 of the Spider Nest
 72861 | Spider:3 | Gained mutation: You are missing an eye, making it more
                  | difficult to aim. [Ru sacrifice]
 73364 | D:11     | Bought a manual of Translocations for 1280 gold pieces
 73643 | Spider:4 | Reached skill level 1 in Translocations
 74936 | Spider:4 | Reached skill level 5 in Translocations
 76712 | Spider:4 | Got a gossamer rune of Zot
 77589 | Elf:1    | Entered Level 1 of the Elven Halls
 82445 | Elf:1    | Found Duwotej's Jewellery Boutique.
 82525 | Elf:1    | Glimpsed the power of Zot.
 83493 | Elf:2    | Found a runed translucent gate.
 83495 | Elf:2    | Found a runed translucent gate.
 83500 | Elf:2    | Found a runed translucent gate.
 83962 | Elf:2    | Reached XP level 19. HP: 181/181 MP: 30/33
 84311 | Elf:2    | Found Cuar's Distillery.
 84348 | Elf:2    | Paralysed by an air elemental for 1 turns
 84649 | Elf:3    | Entered Level 3 of the Elven Halls
 84925 | Elf:3    | Noticed Bai Suzhen
 84929 | Elf:3    | Killed Bai Suzhen
 85270 | D:10     | You paid a toll of +3 storm dragon scales to enter a
                  | treasure trove
 85271 | Trove    | Entered a treasure trove
 85276 | Trove    | Identified the ring "Veupn" {Wiz rF+ rN+ rCorr}
 85279 | Trove    | Identified the +6 rapier "Awocluifupt" {heavy, rElec rF-
                  | Will++ Stlth+}
 85286 | Trove    | Gained mutation: You are frail. (-10% HP) [a shining eye]
 85301 | Trove    | Gained mutation: You are weak. (Str -2) [a shining eye]
 85497 | Trove    | Identified the ring "Xuapucei" {Contam rElec rC- rN+ Int+5}
 85506 | Trove    | Identified the +1 buckler of Fashionability {*Slow Str+4}
 85610 | Trove    | Lost mutation: You are frail. (-10% HP) [potion of
                  | mutation]
 85610 | Trove    | Lost mutation: You are weak. (Str -2) [potion of mutation]
 85610 | Trove    | Gained mutation: You are weak. (Str -2) [potion of
                  | mutation]
 85610 | Trove    | Gained mutation: You have a pair of small antennae on your
                  | head. [potion of mutation]
 85610 | Trove    | Gained mutation: You are clumsy. (Dex -2) [potion of
                  | mutation]
 85610 | Trove    | Gained mutation: Your tail ends in a venomous barb. [potion
                  | of mutation]
 85611 | Trove    | Lost mutation: You are weak. (Str -2) [potion of mutation]
 85611 | Trove    | Lost mutation: Your tail ends in a venomous barb. [potion
                  | of mutation]
 85611 | Trove    | Gained mutation: You are frail. (-10% HP) [potion of
                  | mutation]
 85611 | Trove    | Gained mutation: You have an increased reservoir of magic.
                  | (+10% MP) [potion of mutation]
 85611 | Trove    | Gained mutation: You occasionally shout uncontrollably at
                  | your foes. [potion of mutation]
 85611 | Trove    | Gained mutation: Your flesh is cold resistant. (rC+)
                  | [potion of mutation]
 85612 | Trove    | Lost mutation: You are clumsy. (Dex -2) [potion of
                  | mutation]
 85612 | Trove    | Lost mutation: You are frail. (-10% HP) [potion of
                  | mutation]
 85612 | Trove    | Gained mutation: You are partially covered in iridescent
                  | scales. (AC +2) [potion of mutation]
 85612 | Trove    | Gained mutation: You sometimes lose your temper in combat.
                  | [potion of mutation]
 85614 | Trove    | Lost mutation: You have an increased reservoir of magic.
                  | (+10% MP) [potion of mutation]
 85614 | Trove    | Lost mutation: You have a pair of small antennae on your
                  | head. [potion of mutation]
 85614 | Trove    | Lost mutation: Your flesh is cold resistant. (rC+) [potion
                  | of mutation]
 85614 | Trove    | Gained mutation: You are strong-willed. (Will+) [potion of
                  | mutation]
 85614 | Trove    | Gained mutation: You are dopey. (Int -2) [potion of
                  | mutation]
 85614 | Trove    | Gained mutation: Potions are less effective at restoring
                  | your health. [potion of mutation]
 85662 | Trove    | Identified the -1 pair of gloves of Lashreta {rN+}
 85730 | D:10     | Lost mutation: You are strong-willed. (Will+) [potion of
                  | mutation]
 85730 | D:10     | Lost mutation: You occasionally shout uncontrollably at
                  | your foes. [potion of mutation]
 85730 | D:10     | Gained mutation: You passively map a small area around you.
                  | [potion of mutation]
 85731 | D:10     | Lost mutation: Potions are less effective at restoring your
                  | health. [potion of mutation]
 85731 | D:10     | Lost mutation: You are partially covered in iridescent
                  | scales. (AC +2) [potion of mutation]
 85731 | D:10     | Gained mutation: You occasionally lose the ability to read
                  | scrolls when taking damage. [potion of mutation]
 85731 | D:10     | Gained mutation: You are weak. (Str -2) [potion of
                  | mutation]
 85732 | D:10     | Lost mutation: You occasionally lose the ability to read
                  | scrolls when taking damage. [potion of mutation]
 85732 | D:10     | Lost mutation: You are dopey. (Int -2) [potion of mutation]
 85732 | D:10     | Lost mutation: You are weak. (Str -2) [potion of mutation]
 85732 | D:10     | Gained mutation: You have a pair of small antennae on your
                  | head. [potion of mutation]
 85732 | D:10     | Gained mutation: You passively map the area around you.
                  | [potion of mutation]
 85732 | D:10     | Gained mutation: Your flesh is cold resistant. (rC+)
                  | [potion of mutation]
 85733 | D:10     | Lost mutation: You passively map the area around you.
                  | [potion of mutation]
 85733 | D:10     | Lost mutation: You passively map a small area around you.
                  | [potion of mutation]
 85733 | D:10     | Gained mutation: You have sharp fingernails. [potion of
                  | mutation]
 85733 | D:10     | Gained mutation: You are resistant to electric shocks.
                  | (rElec) [potion of mutation]
 85734 | D:10     | Lost mutation: You are resistant to electric shocks.
                  | (rElec) [potion of mutation]
 85734 | D:10     | Lost mutation: You have sharp fingernails. [potion of
                  | mutation]
 85734 | D:10     | Gained mutation: You are frail. (-10% HP) [potion of
                  | mutation]
 85734 | D:10     | Gained mutation: Your tail ends in a venomous barb. [potion
                  | of mutation]
 85734 | D:10     | Gained mutation: You are partially covered in iridescent
                  | scales. (AC +2) [potion of mutation]
 85735 | D:10     | Lost mutation: Your tail ends in a venomous barb. [potion
                  | of mutation]
 85735 | D:10     | Lost mutation: You are frail. (-10% HP) [potion of
                  | mutation]
 85735 | D:10     | Gained mutation: Potions are less effective at restoring
                  | your health. [potion of mutation]
 85735 | D:10     | Gained mutation: You are agile. (Dex +4, Str/Int -1)
                  | [potion of mutation]
 85735 | D:10     | Gained mutation: You passively map a small area around you.
                  | [potion of mutation]
 85735 | D:10     | Gained mutation: Your spells are a little harder to cast,
                  | but a little more powerful. [potion of mutation]
 85736 | D:10     | Lost mutation: You sometimes lose your temper in combat.
                  | [potion of mutation]
 85736 | D:10     | Lost mutation: You are partially covered in iridescent
                  | scales. (AC +2) [potion of mutation]
 85736 | D:10     | Lost mutation: You passively map a small area around you.
                  | [potion of mutation]
 85736 | D:10     | Gained mutation: Your magical capacity is low. (-10% MP)
                  | [potion of mutation]
 85736 | D:10     | Gained mutation: A frigid envelope surrounds you and
                  | freezes all who hurt you. [potion of mutation]
 85737 | D:10     | Lost mutation: You are agile. (Dex +4, Str/Int -1) [potion
                  | of mutation]
 85737 | D:10     | Lost mutation: Potions are less effective at restoring your
                  | health. [potion of mutation]
 85737 | D:10     | Gained mutation: You have hidden genetic potential. [potion
                  | of mutation]
 85747 | D:10     | Lost mutation: Your flesh is cold resistant. (rC+) [potion
                  | of mutation]
 85747 | D:10     | Lost mutation: You have hidden genetic potential. [potion
                  | of mutation]
 85747 | D:10     | Lost mutation: Your spells are a little harder to cast, but
                  | a little more powerful. [potion of mutation]
 85747 | D:10     | Gained mutation: Your spells are a little harder to cast,
                  | but a little more powerful. [potion of mutation]
 85747 | D:10     | Lost mutation: Your spells are a little harder to cast, but
                  | a little more powerful. [potion of mutation]
 85747 | D:10     | Gained mutation: Your flesh is heat resistant. (rF+)
                  | [potion of mutation]
 85748 | D:10     | Lost mutation: Your magical capacity is low. (-10% MP)
                  | [potion of mutation]
 85748 | D:10     | Lost mutation: A frigid envelope surrounds you and freezes
                  | all who hurt you. [potion of mutation]
 85748 | D:10     | Gained mutation: You can exhale a cloud of poison. [potion
                  | of mutation]
 85748 | D:10     | Gained mutation: Your magical capacity is low. (-10% MP)
                  | [potion of mutation]
 85748 | D:10     | Gained mutation: You are partially covered in iridescent
                  | scales. (AC +2) [potion of mutation]
 85749 | D:10     | Lost mutation: Your flesh is heat resistant. (rF+) [potion
                  | of mutation]
 85749 | D:10     | Lost mutation: You can exhale a cloud of poison. [potion of
                  | mutation]
 85749 | D:10     | Lost mutation: You have a pair of small antennae on your
                  | head. [potion of mutation]
 85749 | D:10     | Gained mutation: Your spells are a little easier to cast,
                  | but a little less powerful. [potion of mutation]
 85749 | D:10     | Gained mutation: Your magical capacity is very low. (-20%
                  | MP) [potion of mutation]
 85749 | D:10     | Gained mutation: You are resistant to electric shocks.
                  | (rElec) [potion of mutation]
 85750 | D:10     | Lost mutation: Your magical capacity is very low. (-20% MP)
                  | [potion of mutation]
 85750 | D:10     | Lost mutation: Your magical capacity is low. (-10% MP)
                  | [potion of mutation]
 85750 | D:10     | Gained mutation: You occasionally lose the ability to read
                  | scrolls when taking damage. [potion of mutation]
 85750 | D:10     | Gained mutation: You have an increased reservoir of magic.
                  | (+10% MP) [potion of mutation]
 85750 | D:10     | Gained mutation: You sometimes lose the ability to read
                  | scrolls when taking damage. [potion of mutation]
 87588 | Elf:3    | Identified the ring "Qadgho Ewaxosk" {rElec rF- rN++ Str+3
                  | SInv}
 88147 | Elf:3    | Reached skill level 15 in Fighting
 88794 | Elf:3    | Identified the +2 battleaxe of Tuaz {drain, rElec rC+
                  | Int+2}
 89481 | Elf:3    | Identified the staff of earth "Qudat" {rCorr Str+3 Dex+4}
 92234 | Elf:3    | Got the Volume of Effluvium and the Birds
 92235 | Elf:3    | Identified the +2 plate armour of an ice cave {rElec rF-
                  | rN+ Regen+}
 92309 | Elf:3    | Identified the staff of earth "Ampicoz" {Int+2 Stlth+}
 92313 | Elf:3    | Identified the staff of conjuration "Xiwinnadui" {Str+3}
 92318 | Elf:3    | Identified the +1 helmet "Fuirghixa" {Regen+ Str+2 Dex-3}
 93843 | Vaults:1 | Entered Level 1 of the Vaults
 95644 | Vaults:1 | Reached skill level 10 in Fire Magic
 96026 | Vaults:1 | Found Hoiptix's Antique Armour Shoppe.
 96384 | Vaults:1 | Noticed Donald
 96390 | Vaults:1 | Reached XP level 20. HP: 190/199 MP: 31/38
 96396 | Vaults:1 | Killed Donald
 99268 | Vaults:3 | Noticed Jory
 99278 | Vaults:3 | Killed Jory
 99723 | Vaults:3 | Lost mutation: You are partially covered in iridescent
                  | scales. (AC +2) [potion of mutation]
 99723 | Vaults:3 | Lost mutation: You sometimes lose the ability to read
                  | scrolls when taking damage. [potion of mutation]
 99723 | Vaults:3 | Gained mutation: Your tail ends in a venomous barb. [potion
                  | of mutation]
 99723 | Vaults:3 | Gained mutation: Your mind is acute. (Int +4, Str/Dex -1)
                  | [potion of mutation]
 99724 | Vaults:3 | Lost mutation: Your tail ends in a venomous barb. [potion
                  | of mutation]
 99724 | Vaults:3 | Lost mutation: Your spells are a little easier to cast, but
                  | a little less powerful. [potion of mutation]
 99724 | Vaults:3 | Lost mutation: You have an increased reservoir of magic.
                  | (+10% MP) [potion of mutation]
 99724 | Vaults:3 | Gained mutation: You do not regenerate when monsters are
                  | visible. [potion of mutation]
 99724 | Vaults:3 | Gained mutation: Your mind is very acute. (Int +8, Str/Dex
                  | -2) [potion of mutation]
100482 | Vaults:3 | Reached XP level 21. HP: 125/212 MP: 30/36
100520 | Vaults:3 | Killed from afar by an ironbound thunderhulk

Illustrated notes

Levels and vault maps discovered:
D:1:      dpeg_arrival_tiny_a, layout_loops_ring, nrook_uturn
D:2:      minmay_evil_eye, layout_basic
D:3:      minmay_chambers_of_twos, layout_loops_corners,
          nemelex_dance_club_becter, serial_co_window_serial, co_window_paths_a,
          co_window_corner_a, co_window_of_opportunity_a, co_window_paths_a,
          co_window_paths_b, co_window_of_opportunity_a,
          co_window_of_opportunity_a, co_window_corner_b, co_window_corner_cb,
          co_window_paths_c, co_window_corner_b, glass_columns_b,
          glass_columns_a, glass_columns_b
D:4:      layout_cave_pools, minivault_24, minmay_lizard_king
D:5:      layout_basic, serial_shops, nicolae_diamond_shop
D:6:      layout_basic, serial_shops, shop, uniq_maggie, uniq_duvessa,
          uniq_edmund, uniq_sigmund
D:7:      layout_loops_ring, nicolae_overflow_hidden_temple, temple_pool_b,
          hangedman_decor_diamond_cutter
D:8:      layout_loops_ring, kennysheep_generic_room_2
D:9:      layout_roguey, david_lair_generic, uniq_grum, uniq_erica
D:10:     layout_basic, enter_bailey_4, enter_trove_6
D:11:     layout_loops_ring, gauntlet_entry_generic, nicolae_shop_self_help
D:12:     layout_basic, orc_0_dummy, uniq_sonja
D:13:     layout_loops_ring
D:14:     layout_cave_pools, ximxim_vaults_locker_room,
          lemuel_coloured_pillars_altar, serial_shops, nicolae_shop_stone
D:15:     grunt_enter_depths_snipers, layout_loops_ring, dk_noncrumbling_3
Temple:   nicolae_temple_slightly_damp_pantheon
Lair:1:   minmay_lair_oklob_tunnel, layout_cave_shapes, uniq_fannar
Lair:2:   layout_misc_corridors, minmay_swamp_entry_eels, serial_bayou,
          serial_bayou_lake_a, serial_bayou_pond_d, serial_bayou_pond_d,
          serial_bayou_lagoon_a
Lair:3:   layout_loops_ring, dummy_spider_entry, kennysheep_catoblepas_arena,
          uniq_prince_ribbit2
Lair:4:   layout_loops_ring, slime_entry_1, special_room
          [special_room_mythical_zoo]
Lair:5:   hangedman_lair_caniforms_friends, layout_misc_corridors,
          guppyfry_lair_end_dragon, worms_lemuel, grunt_megastairs_1, uniq_snorg
Swamp:1:  layout_basic_swamp, nicolae_swamp_well_well_well
Swamp:2:  layout_basic_swamp, evilmike_swamp_ruin_house_2
Swamp:3:  layout_basic_swamp, evilmike_swamp_ruin_rubble_2,
          nicolae_swamp_bunyip_nook
Swamp:4:  byrel_swamp_growth_death_and_undeath, layout_basic_swamp, swamp_pool1,
          infiniplex_staircase_pool
Spider:1: layout_spider_delve, nicolae_spider_spiderdrome, uniq_mlioglotl,
          uniq_kirke, uniq_asterion
Spider:2: layout_spider_delve, hangedman_spider_tarantella_strand
Spider:3: layout_chambers
Spider:4: spider_rune_water
Orc:1:    layout_diamond_mine, basic_altar, serial_shops, shop, uniq_harold
Orc:2:    kennysheep_orc_mage_school, layout_caves, uniq_jorgrun
Elf:1:    elf_arrival_001, layout_rooms, serial_shops, nicolae_diamond_shop,
          hangedman_elf_represent
Elf:2:    nicolae_elf_blades_splatter_lattice
          [nicolae_vaults_blade_armed_guards], layout_loops_cross, serial_shops,
          nicolae_shop_industrial_runoff, uniq_louise
Elf:3:    minmay_elf_hall, layout_rooms, uniq_bai_suzhen
Vaults:1: nicolae_vaults_disappearing_quadrants,
          nicolae_vaults_diagonal_hallway_9, nicolae_vaults_three_branches,
          vaults_mumra_minichess_inversion, nicolae_vaults_storage_closets_2,
          vaults_room_grunt_arrival_ludios, nicolae_vaults_turnstiles,
          nicolae_vaults_windows_and_doors_thing,
          ontoclasm_vaults_decontamination,
          nicolae_vaults_offset_grid_hallway_3, nicolae_vaults_diamond_1,
          vaults_dpeg_diagonal, layout_vaults_maze_bifur, serial_shops, shop,
          uniq_donald
Vaults:2: grunt_vaults_swirl, hangedman_vaults_stretched_pinwheel,
          nicolae_vaults_double_plus_1, ontoclasm_vaults_fault,
          ontoclasm_vaults_hangar, vaults_dpeg_encased_lava,
          layout_vaults_omnigrid
Vaults:3: minmay_crypt_entry_simple_statues, dpeg_vaults_pockets_of_resistance,
          v_misc_22, v_misc_27, nicolae_vaults_wine_cellar, vaults_room_fours,
          v_alt_pattern_2, v_pattern_4, vaults_room_semicircle,
          ontoclasm_vaults_pinch, nicolae_vaults_gold_heap,
          layout_vaults_chaotic_city, uniq_nikola, uniq_jory

Skill      XL: |  1  2  3  4  5  6  7  8  9 10 11 12 13 14 15 16 17 18 19 20 |
---------------+-------------------------------------------------------------+-----
Poison Magic   | 5 6 7 8 9 10 11 | 11.1
Air Magic      | 2 3 9 15 18 20 21 23 | 23.0
Conjurations   | 1 4 |  4.1
Spellcasting   | 3 6 8 10 11 | 11.0
Fighting       | 2 5 8 9 11 13 16 18 | 18.2
Dodging        | 2 5 |  5.0
Evocations     | 2 0 |  0.0
Stealth        | 7 19 20 | 20.0
Armour         | 3 2 11 13 | 13.6
Fire Magic     | 6 9 11 14 | 14.0
Translocations | 5 |  5.0
Transmutations | |  1.0

Action                     |  1- 3 |  4- 6 |  7- 9 | 10-12 | 13-15 | 16-18 | 19-21 || total
---------------------------+-------+-------+-------+-------+-------+-------+-------++-------
  Melee: Unarmed           |       |     1 |     4 |    19 |    94 |    61 |    41 ||   220
         Constrict         |       |       |       |     1 |    24 |    11 |     5 ||    41
         Punch             |       |       |       |       |     3 |     2 |     4 ||     9
   Cast: Sting             |    20 |    16 |    18 |    43 |     3 |       |       ||   100
         Olgreb's Toxic Ra |       |    27 |    81 |   144 |   218 |    96 |    56 ||   622
         Mephitic Cloud    |       |       |     5 |    30 |    27 |    48 |    40 ||   150
         Spider Form       |       |       |     7 |    13 |     4 |       |       ||    24
         Arcjolt           |       |       |       |    91 |    56 |    31 |    18 ||   196
         Poisonous Vapours |       |       |       |    13 |    43 |       |       ||    56
         Apportation       |       |       |       |     2 |    28 |    10 |     4 ||    44
         Maxwell's Capacit |       |       |       |       |   357 |   334 |   196 ||   887
         Plasma Beam       |       |       |       |       |     7 |    62 |    15 ||    84
         Swiftness         |       |       |       |       |     1 |       |     1 ||     2
         Ignite Poison     |       |       |       |       |       |    29 |    34 ||    63
         Blink             |       |       |       |       |       |     1 |     1 ||     2
 Invoke: Sacrifice Love    |       |       |       |     1 |       |       |       ||     1
         Power Leap        |       |       |       |     6 |     3 |       |     3 ||    12
         Sacrifice Artific |       |       |       |     1 |       |       |       ||     1
         Sacrifice Experie |       |       |       |     1 |       |       |       ||     1
         Reject Sacrifices |       |       |       |       |     3 |     1 |     1 ||     5
         Apocalypse        |       |       |       |       |     1 |       |     1 ||     2
         Draw Out Power    |       |       |       |       |       |     1 |       ||     1
         Sacrifice an Eye  |       |       |       |       |       |     1 |       ||     1
Ability: Spit Poison       |    47 |    18 |    46 |    89 |    50 |     5 |     5 ||   260
         End Transformatio |       |       |       |     2 |       |       |       ||     2
  Evoke: Wand              |       |       |       |    24 |       |       |       ||    24
    Use: Scroll            |     2 |     1 |    13 |    16 |     6 |     2 |     2 ||    42
         Potion            |       |       |       |     7 |       |     4 |    18 ||    29
   Stab: Confused          |       |       |       |     2 |     4 |     1 |     1 ||     8
 Armour: Robe              |     6 |     4 |    15 |   108 |   169 |       |       ||   302
         Leather armour    |       |       |     2 |     5 |       |       |       ||     7
         Quicksilver drago |       |       |       |       |    87 |   344 |   172 ||   603
  Dodge: Dodged            |     8 |    15 |    28 |   113 |   185 |   161 |    84 ||   594
